 Dungeon Crawl Stone Soup version 0.21-a0-349-g0c35859 (webtiles) character file.

64222 Monsterracer the Severer (level 14, -3/130 HPs)
             Began as a Deep Dwarf Fighter on Oct 8, 2017.
             Was the Champion of Makhleb.
             Slain by a 19-headed hydra (7 damage)
             ... on level 15 of the Dungeon.
             The game lasted 00:31:45 (15709 turns).

Monsterracer the Severer (Deep Dwarf Fighter)      Turns: 15709, Time: 00:31:47

Health: -3/130     AC: 20    Str: 26    XL:     14   Next: 71%
Magic:  15/15      EV: 13    Int:  8    God:    Makhleb [******]
Gold:   1505       SH: 13    Dex: 12    Spells: 13/13 levels left

rFire    + + .     SeeInvis .   a - +4 war axe
rCold    + + .     Gourm    .   c - +0 shield
rNeg     + . .     Faith    +   M - +1 chain mail {rF+}
rPois    .         Spirit   .   D - +2 helmet
rElec    .         Reflect  .   (no cloak)
rCorr    .         Harm     .   t - +2 pair of gloves
MR       ++...                  (no boots)
Stlth    ..........             P - amulet of faith
HPRegen  0.00/turn              x - ring of protection from cold
MPRegen  0.14/turn              v - ring of protection from fire

@: non-regenerating
A: damage resistance, heal wounds, cold resistance 1, negative energy resistance
1, sense surroundings 2, evolution 1, no regeneration
a: Heal Wounds, Minor Destruction, Lesser Servant of Makhleb, Major Destruction,
Greater Servant of Makhleb, Renounce Religion


You were on level 15 of the Dungeon.
You worshipped Makhleb.
Makhleb was exalted by your worship.
You were not hungry.

You visited 3 branches of the dungeon, and saw 22 of its levels.

You collected 1638 gold pieces.
You spent 133 gold pieces at shops.

Inventory:

Hand Weapons
 a - a +4 war axe (weapon)
 b - the +5 trident of Grandeur {vamp, rF+ rC+ Str+3}
   (You found it on level 5 of the Dungeon)

   It inflicts no extra harm, but heals its wielder when it wounds a living foe.
   It affects your strength (+3).
   It protects you from fire.
   It protects you from cold.
Missiles
 H - a throwing net (quivered)
Armour
 c - a +0 shield (worn)
 t - a +2 pair of gloves (worn)
 D - a +2 helmet (worn)
 M - a +1 chain mail of fire resistance (worn)
 Q - +0 fire dragon scales
Jewellery
 e - an uncursed ring of see invisible
 v - a ring of protection from fire (right hand)
 x - a ring of protection from cold (left hand)
 P - an amulet of faith (around neck)
Wands
 A - a wand of flame (17/48)
 I - a wand of iceblast (7/15)
 L - a wand of flame (37/48)
 O - a wand of lightning (6/15)
Scrolls
 g - 12 scrolls of teleportation
 j - a scroll of blinking
 n - 4 scrolls of fog
 w - 2 scrolls of remove curse
 y - 4 scrolls of magic mapping
 F - a scroll of identify
 K - a scroll of recharging
 N - a scroll of enchant armour
Potions
 d - a potion of berserk rage
 k - 6 potions of heal wounds
 l - 5 potions of flight
 m - 5 potions of curing
 o - 3 potions of resistance
 q - 4 potions of haste
 u - 5 potions of agility
 z - a potion of ambrosia
 B - a potion of invisibility
 E - 2 potions of might
 G - 2 potions of mutation
 J - 2 potions of cancellation
Comestibles
 f - 11 bread rations
 h - 24 royal jellies
 i - 13 meat rations
 s - 28 fruits


   Skills:
 + Level 9.9 Fighting
 * Level 15.1 Axes
 + Level 11.5 Armour
 + Level 11.0 Dodging
 + Level 11.6 Shields
 + Level 11.9 Invocations


You had 13 spell levels left.
You didn't know any spells.

Dungeon Overview and Level Annotations

Branches:
Dungeon (15/15)            Temple (1/1) D:4            Lair (6/6) D:10
 Shoals (0/4) Lair:2        Snake (0/4) Lair:2        Slime (0/5) Lair:6
    Orc (0/2) D:10         Vaults (0/5) D:14         Depths (0/5) D:15

Altars:
Ashenzari
Dithmenos
Gozag
Makhleb
Nemelex Xobeh
Qazlal
Vehumet
Yredelemnul

Shops:
D:5 *   D:11 *


Innate Abilities, Weirdness & Mutations

You are resistant to damage.
You can heal yourself by infusing magical energy.
You resist negative energy. (rN+)
You passively map the area around you.
You do not regenerate.
Your flesh is cold resistant. (rC+)
You evolve.


Message History

You block the 19-headed hydra's attack. x2; The 19-headed hydra bites you!
* * * LOW HITPOINT WARNING * * *
The 19-headed hydra bites you but does no damage.
The 19-headed hydra bites you. x2; The 19-headed hydra bites you!
* * * LOW HITPOINT WARNING * * *
The 19-headed hydra bites you!
* * * LOW HITPOINT WARNING * * *
The 19-headed hydra bites you but does no damage.
All of the chunks of flesh in your inventory have rotted away.
You are too injured to fight recklessly!
You are too injured to fight recklessly!
Unknown command.
Huge Dmg: -51%(-66hp) hp: 7%(9hp)
Things that are here:
a battleaxe; a plate armour; an orc corpse You see here an arrow.
Okay, then.
You block the 19-headed hydra's attack.
The 19-headed hydra bites you but does no damage.
You block the 19-headed hydra's attack.
The 19-headed hydra completely misses you.
The 19-headed hydra bites you!
* * * LOW HITPOINT WARNING * * *
The 19-headed hydra bites you.
You block the 19-headed hydra's attack. x3
The 19-headed hydra barely misses you.
The 19-headed hydra bites you but does no damage. x2
The 19-headed hydra barely misses you.
The 19-headed hydra bites you but does no damage. x3
The 19-headed hydra closely misses you. The 19-headed hydra bites you!
You die...

..#......!.#
#........, , *,,
..######...#
#........ , ** ..#
#...## #........, *
..# #...# #.....# *
, ,,
..#####...####.####,
, ,*
......'...'.......#,
,
..#####...##....#.#
, ,*** ..#
#...##....#.#######.
* ..##
#...##....@D........
, ...#
#...##....##z######
** ##.#
#...##....##.# * *
##.# #...##....##.##
, , , #..#
#...##....##.W# * ,
...# , #....###.## *
* ...# , , ######
#.(# , 8..# ##W# ,
,, * ...# #.#*


You could see a 19-headed hydra and a skeletal warrior.

Vanquished Creatures
  Roxanne (D:14)
  A fire dragon (D:15)
  A vault guard (D:14)
  An ice dragon (D:15)
  3 hydras
  3 centaur warriors
  A death knight (D:15)
  4 two-headed ogres
  3 death yaks (Lair:5)
  Urug (Lair:2)
  A skeletal warrior (D:15)
  An unseen horror (D:11)
  The ghost of Edirash the Geomancer, a novice DDEE of Makhleb (D:5)
  A wizard (D:14)
  A wolf spider zombie (D:15)
  A necromancer (D:14)
  A cyclops (D:14)
  A manticore (D:12)
  An ugly thing (D:11)
  10 elephants
  Maurice (D:11)
  4 black mambas
  A merfolk siren (Lair:2)
  3 centaur skeletons
  17 spiny frogs
  A gargoyle (D:13)
  A torpor snail (Lair:5)
  A rime drake (Lair:3)
  A freezing wraith (D:12)
  7 komodo dragons
  A queen bee (D:10)
  3 meliai (D:14)
  3 trolls
  15 slime creatures
  11 blink frogs
  A hornet (D:9)
  9 hippogriffs
  A shadow (D:12)
  A centaur simulacrum (D:14)
  Sigmund (D:5)
  2 wyverns
  A vampire (D:14)
  32 yaks
  Eustachio (D:6)
  21 humans (D:14)
  5 hungry ghosts
  2 steam dragons
  9 vampire mosquitoes
  A basilisk (D:12)
  4 soldier ants
  8 water moccasins
  10 porcupines
  14 orc warriors
  4 black bears
  4 sky beasts
  3 ice beasts
  16 centaurs
  A necrophage (D:7)
  A phantom (D:10)
  6 ogres
  5 crocodiles
  3 big kobolds (D:10)
  29 bullfrogs
  2 gnoll sergeants (D:10)
  3 wyvern skeletons
  6 scorpions
  8 wights
  25 killer bees (D:10)
  5 electric eels
  4 crimson imps
  4 centaur zombies
  4 bullfrog zombies
  3 hounds
  2 quasits
  9 orc priests
  16 jellies
  17 orc wizards
  4 bullfrog skeletons
  Terence (D:2)
  An iguana (D:3)
  5 worker ants
  A hound zombie (D:7)
  A hound skeleton (D:6)
  2 worker ant zombies
  3 gnolls (D:10)
  3 adders
  A shadow imp (D:9)
  2 oozes (Lair:6)
  4 adder skeletons
  5 worms
  A dart slug (D:1)
  2 leopard geckos (D:6)
  59 orcs
  2 ball pythons
  4 bats
  4 giant cockroaches
  10 goblins
  7 hobgoblins (D:1)
  16 jackals
  5 kobolds
  5 quokkas
  A frilled lizard (D:1)
  A jackal zombie (D:8)
  A leopard gecko skeleton (D:4)
  4 rats
  3 plants
569 creatures vanquished.

Vanquished Creatures (collateral kills)
  A wyvern (Lair:5)
1 creature vanquished.

Vanquished Creatures (others)
  6 fungi
  21 plants
27 creatures vanquished.

Grand Total: 597 creatures vanquished

Notes
Turn   | Place    | Note
-------+----------+-------------------------------------------
     0 | D:1      | Monsterracer the Deep Dwarf Fighter began the quest for the Orb.
     0 | D:1      | Reached XP level 1. HP: 20/20 MP: 1/1
   144 | D:1      | Reached XP level 2. HP: 18/27 MP: 2/2
   154 | D:1      | Found a sparkling altar of Nemelex Xobeh.
   422 | D:1      | Reached skill level 1 in Dodging
   506 | D:1      | Reached XP level 3. HP: 23/33 MP: 3/3
   840 | D:2      | Reached skill level 3 in Axes
   840 | D:2      | Reached XP level 4. HP: 28/42 MP: 4/4
   965 | D:2      | Noticed Terence
   983 | D:2      | Killed Terence
  1436 | D:3      | Reached XP level 5. HP: 23/49 MP: 5/5
  1762 | D:3      | Reached skill level 4 in Axes
  2117 | D:4      | Found a staircase to the Ecumenical Temple.
  2123 | Temple   | Entered the Ecumenical Temple
  2130 | Temple   | Became a worshipper of Makhleb the Destroyer
  2280 | D:4      | Reached XP level 6. HP: 46/56 MP: 5/5
  2343 | D:4      | Reached skill level 1 in Invocations
  2696 | D:4      | Reached skill level 5 in Axes
  2820 | D:5      | Entered Level 5 of the Dungeon
  2848 | D:5      | Noticed Sigmund
  2982 | D:5      | Reached XP level 7. HP: 54/63 MP: 7/7
  3052 | D:5      | Noticed Edirash's ghost (novice DDEE)
  3109 | D:5      | HP: 1/63 [Edirash's ghost/stone arrow (20)]
  3114 | D:5      | Killed Edirash's ghost
  3114 | D:5      | Reached skill level 6 in Axes
  3114 | D:5      | Reached skill level 5 in Armour
  3114 | D:5      | Reached skill level 5 in Shields
  3114 | D:5      | Reached XP level 8. HP: 33/72 MP: 7/9
  3216 | D:5      | Reached * piety under Makhleb
  3234 | D:5      | Found Oskuokh's Assorted Antiques.
  3242 | D:5      | Bought a bubbling grey potion for 18 gold pieces
  3242 | D:5      | Bought a scroll labeled COAN BINKUKIQI for 21 gold pieces
  3242 | D:5      | Bought a pair of gloves for 94 gold pieces
  3359 | D:5      | Killed Sigmund
  3556 | D:5      | Got a smoking trident
  3686 | D:6      | Found a shattered altar of Ashenzari.
  3700 | D:6      | Identified the +5 trident of Grandeur {vamp, rF+ rC+ Str+3} (You found it on level 5 of the Dungeon)
  3818 | D:6      | Reached skill level 7 in Axes
  3931 | D:6      | Gained mutation: You passively map the area around you. [Deep Dwarf growth]
  3931 | D:6      | Reached XP level 9. HP: 41/80 MP: 10/10
  3979 | D:6      | Reached skill level 5 in Fighting
  4028 | D:6      | Reached ** piety under Makhleb
  4052 | D:6      | Reached skill level 5 in Invocations
  4073 | D:6      | Reached skill level 5 in Dodging
  4229 | D:6      | Noticed Eustachio
  4261 | D:6      | Killed Eustachio
  4261 | D:6      | Reached skill level 8 in Axes
  5367 | D:8      | Gained mutation: You are resistant to hostile enchantments. (MR+) [mutagenic meat]
  5472 | D:8      | Noticed a two-headed ogre
  5479 | D:8      | Killed a two-headed ogre
  5479 | D:8      | Reached XP level 10. HP: 71/91 MP: 12/12
  5579 | D:8      | Reached skill level 9 in Axes
  5869 | D:9      | Reached *** piety under Makhleb
  6773 | D:10     | Entered Level 10 of the Dungeon
  6882 | D:10     | Reached **** piety under Makhleb
  6897 | D:10     | Reached skill level 10 in Axes
  6917 | D:10     | Found a staircase to the Lair.
  6951 | Lair:1   | Entered Level 1 of the Lair of Beasts
  7007 | Lair:1   | Noticed a black mamba
  7028 | Lair:1   | Killed a black mamba
  7036 | Lair:1   | Got a fine ring mail
  7047 | Lair:1   | Identified the cursed +0 ring mail of Liberalism {Dex+3} (You found it on level 1 of the Lair of Beasts)
  7077 | Lair:1   | Noticed a spiny frog
  7091 | Lair:1   | Killed a spiny frog
  7091 | Lair:1   | Reached XP level 11. HP: 36/99 MP: 13/13
  7535 | Lair:2   | Noticed Urug
  7545 | Lair:2   | Killed Urug
  7692 | Lair:2   | Reached skill level 11 in Axes
  7701 | Lair:2   | Found a staircase to the Shoals.
  7832 | Lair:2   | Found a staircase to the Snake Pit.
  8499 | Lair:3   | Noticed a five-headed hydra
  8509 | Lair:3   | Killed a five-headed hydra
  8575 | Lair:3   | Reached ***** piety under Makhleb
  8982 | Lair:3   | Reached XP level 12. HP: 109/109 MP: 14/14
  9800 | Lair:4   | Reached skill level 12 in Axes
 10108 | Lair:5   | Noticed a death yak
 10108 | Lair:5   | Noticed a death yak
 10109 | Lair:5   | Noticed a death yak
 10145 | Lair:5   | Killed a death yak
 10153 | Lair:5   | Killed a death yak
 10168 | Lair:5   | Killed a death yak
 10317 | Lair:5   | Noticed a four-headed hydra
 10391 | Lair:5   | Killed a four-headed hydra
 11116 | Lair:6   | Entered Level 6 of the Lair of Beasts
 11160 | Lair:6   | Noticed a six-headed hydra
 11164 | Lair:5   | Reached skill level 10 in Armour
 11171 | Lair:5   | Reached skill level 10 in Shields
 11209 | Lair:6   | Reached skill level 13 in Axes
 11227 | Lair:6   | Reached XP level 13. HP: 55/118 MP: 16/16
 11304 | Lair:6   | HP: 4/118 [spiny frog (13)]
 11391 | Lair:6   | Reached skill level 10 in Invocations
 11550 | Lair:6   | Found a staircase to the Slime Pits.
 11620 | Lair:6   | Reached ****** piety under Makhleb
 11830 | Lair:5   | HP: 2/120 [tyrant leech (13)]
 12432 | D:10     | Found a staircase to the Orcish Mines.
 12621 | D:10     | Reached skill level 10 in Dodging
 12923 | D:11     | Noticed Maurice
 12958 | D:11     | Killed Maurice
 13160 | D:11     | Reached skill level 14 in Axes
 13196 | D:11     | Found Vanlirol's Demolitions Depot.
 13924 | D:12     | HP: 6/121 [slime creature (6)]
 13934 | D:12     | Gained mutation: You resist negative energy. (rN+) [Deep Dwarf growth]
 13934 | D:12     | Reached XP level 14. HP: 91/129 MP: 17/17
 14228 | D:12     | Gained mutation: Armour fits poorly on your strangely shaped body. [mutagenic meat]
 14229 | D:12     | Gained mutation: Scrolls take you a little longer to read. [mutagenic meat]
 14230 | D:12     | Lost mutation: Armour fits poorly on your strangely shaped body. [potion of mutation]
 14230 | D:12     | Lost mutation: Scrolls take you a little longer to read. [potion of mutation]
 14230 | D:12     | Lost mutation: You are resistant to hostile enchantments. (MR+) [potion of mutation]
 14230 | D:12     | Gained mutation: Your flesh is cold resistant. (rC+) [potion of mutation]
 14230 | D:12     | Gained mutation: You evolve. [potion of mutation]
 14386 | D:13     | You fall through a shaft!
 14468 | D:14     | Noticed Roxanne
 14507 | D:14     | Killed Roxanne
 14560 | D:14     | HP: 6/129 [cyclops (24)]
 14810 | D:14     | Paralysed by a wizard for 2 turns
 14836 | D:14     | Found a gate to the Vaults.
 15223 | D:15     | Entered Level 15 of the Dungeon
 15446 | D:15     | Reached skill level 15 in Axes
 15450 | D:15     | Found a staircase to the Depths.
 15709 | D:15     | HP: 4/130 [19-headed hydra (5)]
 15709 | D:15     | Slain by a 19-headed hydra

Vault maps used:
D:1:      lemuel_arrival_muddy, nemelex_diamond_rough_becter
D:2:      uniq_terence
D:3:      kennysheep_generic_room_10
D:4:      minmay_temple_entry_statues_fountains, first_bread
D:5:      serial_shops, shop, uniq_sigmund
D:6:      ashenzari_conservatory_becter, minmay_bent, uniq_eustachio
D:7:      minmay_misc_feat_x
D:9:      hangedman_pestilent_swarm
D:10:     due_lair_maze_entry_diamond, kennysheep_orc_monster_closet_entryway
D:11:     nicolae_blasting_shop, uniq_maurice
D:14:     grunt_vaults_entry_tiered, portal_ice_cave_entry_pillars_1,
          grunt_decor_arrowhead, uniq_roxanne
D:15:     grunt_enter_depths_hoard, yredelemnul_altar_generic, enter_trove_2,
          minmay_misc_feat_five
Temple:   nicolae_temple_the_god_donut
Lair:1:   serial_bayou_pond_b, fungi_pond_lemuel, st_stairs_4
Lair:2:   minmay_shoals_entry_lonely_mermaid, dummy_snake_entry,
          beast_lair_carwin_2, uniq_urug
Lair:3:   serial_bayou_shore_a, infiniplex_staircase_pool_2, grunt_megastairs_2
Lair:4:   serial_forest, infiniplex_forest_end_3, infiniplex_forest_join,
          infiniplex_forest_straight_1, infiniplex_forest_clump_cross,
          infiniplex_forest_clump_C, infiniplex_forest_end_1,
          infiniplex_forest_lined_4_way
Lair:5:   fungi_pond_lemuel, hibernation_bobbens, grunt_megastairs_3,
          lemuel_fruit_tree
Lair:6:   minmay_lair_end_frog_pond, minmay_slime_entry_jelly_boxes

Skill      XL: |  1  2  3  4  5  6  7  8  9 10 11 12 13 14 |
---------------+-------------------------------------------+-----
Dodging        | 1 2 3 4 5 7 8 9 10 11 | 11.0
Fighting       | 3 4 5 6 7 8 9 |  9.9
Axes           | 3 4 5 6 7 8 10 11 13 14 15 | 15.1
Shields        | 4 5 6 8 9 10 11 | 11.6
Armour         | 4 5 6 8 9 10 11 | 11.5
Invocations    | 1 3 4 6 7 8 9 11 | 11.9

Action                   |  1- 3 |  4- 6 |  7- 9 | 10-12 | 13-15 || total
-------------------------+-------+-------+-------+-------+-------++-------
Melee: War axe           |    86 |   186 |   130 |   129 |   763 ||  1294
       Trident           |       |       |   219 |   813 |   500 ||  1532
Throw: Throwing net      |       |       |       |     1 |       ||     1
Invok: Minor Destruction |       |       |       |    24 |    49 ||    73
       Lesser Servant of |       |       |       |     1 |       ||     1
 Abil: Heal Wounds       |       |     3 |     6 |     2 |    10 ||    21
Evoke: Wand              |       |       |       |     4 |     1 ||     5
  Use: Scroll            |       |    11 |     7 |     9 |     6 ||    33
       Potion            |       |       |     1 |       |     6 ||     7
  Eat: Chunk             |       |     5 |     3 |    35 |    20 ||    63
       Meat ration       |       |     1 |     2 |       |       ||     3
       Royal jelly       |       |       |     1 |     1 |     1 ||     3
       Bread ration      |       |       |     1 |       |       ||     1
       Fruit             |       |       |       |     4 |       ||     4
Armor: Scale mail        |    40 |    56 |       |       |       ||    96
       Chain mail        |       |    13 |   175 |   234 |   473 ||   895
       Ring mail         |       |       |       |    63 |       ||    63
Dodge: Dodged            |    31 |    53 |   134 |   404 |   545 ||  1167
Block: Shield            |    33 |   110 |   194 |   572 |   836 ||  1745

Table legend:
 A = Spawn XP
 B = Non-spawn XP
 C = Spawn XP percentage of total XP
 D = Spawn monster count
 E = Non-spawn monster count
 F = Spawn count percentage of total count
 G = Total turns spent on level
                    A         B        C        D         E        F      G
               +---------+---------+-------+---------+---------+-------+---------
         Total |       0 |   91746 |   0.0 |       0 |     567 |   0.0 | 15709
               +---------+---------+-------+---------+---------+-------+---------
           D:1 |       0 |      43 |   0.0 |       0 |      22 |   0.0 |   759
           D:2 |       0 |     109 |   0.0 |       0 |      13 |   0.0 |   618
           D:3 |       0 |     178 |   0.0 |       0 |      23 |   0.0 |   732
           D:4 |       0 |     348 |   0.0 |       0 |      19 |   0.0 |   799
           D:5 |       0 |    1543 |   0.0 |       0 |      21 |   0.0 |   730
           D:6 |       0 |    1632 |   0.0 |       0 |      32 |   0.0 |  1020
           D:7 |       0 |     752 |   0.0 |       0 |      18 |   0.0 |   607
           D:8 |       0 |    1514 |   0.0 |       0 |      14 |   0.0 |   566
           D:9 |       0 |    1604 |   0.0 |       0 |      24 |   0.0 |   926
          D:10 |       0 |    8924 |   0.0 |       0 |      75 |   0.0 |  1046
          D:11 |       0 |    3889 |   0.0 |       0 |      30 |   0.0 |   758
          D:12 |       0 |    9059 |   0.0 |       0 |      42 |   0.0 |   774
          D:13 |       0 |    1402 |   0.0 |       0 |       3 |   0.0 |    54
          D:14 |       0 |   15428 |   0.0 |       0 |      70 |   0.0 |   837
          D:15 |       0 |    8035 |   0.0 |       0 |      18 |   0.0 |   486
        Lair:1 |       0 |    3174 |   0.0 |       0 |      14 |   0.0 |   582
        Lair:2 |       0 |    3971 |   0.0 |       0 |      18 |   0.0 |   897
        Lair:3 |       0 |    4723 |   0.0 |       0 |      20 |   0.0 |   881
        Lair:4 |       0 |    2216 |   0.0 |       0 |       8 |   0.0 |   836
        Lair:5 |       0 |   13090 |   0.0 |       0 |      37 |   0.0 |  1205
        Lair:6 |       0 |   10112 |   0.0 |       0 |      46 |   0.0 |   580
               +---------+---------+-------+---------+---------+-------+---------

Vault maps used:
D:1:      lemuel_arrival_muddy, nemelex_diamond_rough_becter
D:2:      uniq_terence
D:3:      kennysheep_generic_room_10
D:4:      minmay_temple_entry_statues_fountains, first_bread
D:5:      serial_shops, shop, uniq_sigmund
D:6:      ashenzari_conservatory_becter, minmay_bent, uniq_eustachio
D:7:      minmay_misc_feat_x
D:9:      hangedman_pestilent_swarm
D:10:     due_lair_maze_entry_diamond, kennysheep_orc_monster_closet_entryway
D:11:     nicolae_blasting_shop, uniq_maurice
D:14:     grunt_vaults_entry_tiered, portal_ice_cave_entry_pillars_1,
          grunt_decor_arrowhead, uniq_roxanne
D:15:     grunt_enter_depths_hoard, yredelemnul_altar_generic, enter_trove_2,
          minmay_misc_feat_five
Temple:   nicolae_temple_the_god_donut
Lair:1:   serial_bayou_pond_b, fungi_pond_lemuel, st_stairs_4
Lair:2:   minmay_shoals_entry_lonely_mermaid, dummy_snake_entry,
          beast_lair_carwin_2, uniq_urug
Lair:3:   serial_bayou_shore_a, infiniplex_staircase_pool_2, grunt_megastairs_2
Lair:4:   serial_forest, infiniplex_forest_end_3, infiniplex_forest_join,
          infiniplex_forest_straight_1, infiniplex_forest_clump_cross,
          infiniplex_forest_clump_C, infiniplex_forest_end_1,
          infiniplex_forest_lined_4_way
Lair:5:   fungi_pond_lemuel, hibernation_bobbens, grunt_megastairs_3,
          lemuel_fruit_tree
Lair:6:   minmay_lair_end_frog_pond, minmay_slime_entry_jelly_boxes
